 Dungeon Crawl Stone Soup version 0.18.1-8-gdd0e5ea (webtiles) character file.

1021 Crag the Archer (level 8, -2/71 HPs)
             Began as a Centaur Hunter on May 29, 2016.
             Slain by a wight
             ... wielding a +2 falchion
              (10 damage)
             ... on level 6 of the Dungeon.
             The game lasted 00:17:23 (5567 turns).

Crag the Archer (Centaur Hunter)                    Turns: 5567, Time: 00:17:24

Health: -2/71      AC:  9    Str: 16    XL:     8   Next: 2%
Magic:  8/8        EV:  4    Int: 10    God:
Gold:   270        SH:  6    Dex:  8    Spells: 0 memorised, 7 levels left

rFire  . . .     SeeInvis .     D - +1 rapier (venom)
rCold  . . .     Gourm    .     E - +0 robe
rNeg   . . .     Faith    .     y - +0 shield
rPois  .         Spirit   .     i - +0 helmet
rElec  .         Dismiss  .     (no cloak)
rCorr  .         Reflect  .     (no gloves)
SustAt .         Harm     .     p - +0 centaur barding
MR     .....                    (no amulet)
Stlth  +.........               (no ring)
                                e - -3 ring of dexterity (curse)

@: drained, very quick, not resistant to hostile enchantments, very unstealthy
A: hooves 3, deformed body, speed 2, tough skin 3
a: no special abilities


You were on level 6 of the Dungeon.
You were not hungry.

You visited 1 branch of the dungeon, and saw 6 of its levels.

You collected 270 gold pieces.

Inventory:

Hand Weapons
 a - a +1 shortbow
 b - a +0 dagger of venom
 o - a +0 short sword
 D - a +1 rapier of venom (weapon)
Missiles
 d - 35 arrows
Armour
 c - a +0 leather armour
 i - a +0 helmet (worn)
 p - a +0 centaur barding (worn)
 q - a +0 leather armour
 y - a +0 shield (worn)
 E - a +0 robe (worn)
Jewellery
 e - a cursed -3 ring of dexterity (left hand)
 A - an uncursed ring of teleportation
Wands
 B - a wand of acid (9/15)
Scrolls
 k - 3 scrolls of identify
 l - a scroll of enchant armour
 C - a scroll of recharging
 I - a scroll of magic mapping
Potions
 h - 2 potions of haste {unknown}
 j - a potion of agility {unknown}
 m - a potion of mutation {unknown}
 n - 2 potions of curing {unknown}
 s - a potion of beneficial mutation {unknown}
 u - a potion of resistance {unknown}
 v - a potion of lignification {unknown}
 w - a potion of brilliance {unknown}
 z - a potion of degeneration {unknown}
 G - a potion of magic {unknown}
Comestibles
 f - 8 bread rations
 g - 2 fruits
 r - a beef jerky
 t - a meat ration
 x - 2 slices of pizza
 F - a royal jelly


   Skills:
 + Level 6.6(5.8) Fighting
 - Level 10.3(9.4) Bows
 - Level 1.3(0.7) Dodging
 - Level 0.5(0.0) Stealth


You had 7 spell levels left.
You didn't know any spells.

Dungeon Overview and Level Annotations

Branches:
Dungeon (6/15)
 Temple: D:4-7

Altars:
Dithmenos
Makhleb
Qazlal
Ru
Vehumet
The Shining One


Innate Abilities, Weirdness & Mutations

You have hooves in place of feet.
Armour fits poorly on your strangely shaped body.
You cover ground very quickly.
You have extremely tough skin (AC +3).


Message History

The wight hits you with a falchion!
You feel drained.
* * * LOW HITPOINT WARNING * * *
The wight hits you but does no damage.
You hit the wight.
The wight is heavily damaged.
The wight hits you with a falchion!
* * * LOW HITPOINT WARNING * * *
You feel drained.
* * * LOW HITPOINT WARNING * * *
The wight barely misses you.
You hit the wight. You kick the wight.
The wight is almost destroyed.
The wight barely misses you. You block the wight's attack.
You hit the wight.
You destroy the wight!
You have reached level 8!
You feel stronger. You block the wight's attack.
The wight hits you with an enchanted falchion!
You die...

### ..#
#.#
####.#
..#.#
#.#.#
#.##.#@#
#....z<#
####.###
#. ..
##. #.
.. ##


You could see a wight.

Vanquished Creatures
  Duvessa (D:4)
  An orc warrior (D:4)
  2 ogres (D:4)
  Dowan (D:4)
  A wight (D:6)
  A giant frog skeleton (D:4)
  A jelly (D:5)
  2 orc priests
  2 hounds (D:4)
  An orc wizard (D:4)
  An iguana (D:5)
  6 worker ants
  A howler monkey zombie (D:5)
  3 gnolls (D:2)
  4 adders
  2 adder skeletons (D:4)
  2 worms
  3 dart slugs
  3 giant geckos
  19 orcs
  8 bats
  A giant cockroach (D:3)
  4 goblins
  8 hobgoblins
  2 jackals (D:1)
  4 quokkas
  4 giant newts
  7 kobolds
  A quokka skeleton (D:5)
  7 rats
103 creatures vanquished.

Notes
Turn   | Place    | Note
--------------------------------------------------------------
     0 | D:1      | Crag the Centaur Hunter began the quest for the Orb.
     0 | D:1      | Reached XP level 1. HP: 17/17 MP: 1/1
   180 | D:1      | Reached XP level 2. HP: 9/25 MP: 2/2
  1007 | D:1      | Reached XP level 3. HP: 25/31 MP: 3/3
  1352 | D:2      | Found a shadowy altar of Dithmenos.
  1704 | D:2      | Found a faded altar to an unknown god.
  1760 | D:2      | Found a stormy altar of Qazlal.
  1813 | D:2      | Reached XP level 4. HP: 41/41 MP: 4/4
  2108 | D:3      | Found a sacrificial altar of Ru.
  2413 | D:3      | Reached skill level 5 in Fighting
  2834 | D:3      | Reached XP level 5. HP: 48/48 MP: 5/5
  3366 | D:4      | Noticed an ogre
  3369 | D:4      | Noticed an ogre
  3389 | D:4      | Killed an ogre
  3389 | D:4      | Reached skill level 6 in Bows
  3389 | D:4      | Reached XP level 6. HP: 57/57 MP: 6/6
  3399 | D:4      | Reached skill level 7 in Bows
  3518 | D:4      | Found a burning altar of Makhleb.
  3892 | D:4      | Reached skill level 8 in Bows
  3915 | D:4      | Noticed Dowan
  3916 | D:4      | Noticed Duvessa
  3929 | D:4      | Reached XP level 7. HP: 59/63 MP: 7/7
  3937 | D:4      | Killed Duvessa
  3942 | D:4      | Killed Dowan
  3942 | D:4      | Reached skill level 9 in Bows
  4390 | D:5      | Entered Level 5 of the Dungeon
  4806 | D:4      | Reached skill level 10 in Bows
  5113 | D:5      | Found a glowing golden altar of the Shining One.
  5156 | D:5      | Found a radiant altar of Vehumet.
  5566 | D:6      | Reached XP level 8. HP: 8/71 MP: 8/8
  5567 | D:6      | Slain by a wight

Skill      XL: |  1  2  3  4  5  6  7 |
---------------+----------------------+-----
Fighting       | 3 4 5 6 |  6.6
Bows           | 6 8 10 | 10.3
Dodging        | |  1.3
Stealth        | |  0.5

Action                   |  1- 3 |  4- 6 |  7- 9 || total
-------------------------+-------+-------+-------++-------
Melee: Short sword       |   111 |       |       ||   111
       Kick              |    17 |    46 |    37 ||   100
       Dagger            |     1 |   167 |    82 ||   250
       Rapier            |       |       |    23 ||    23
 Fire: Shortbow          |    26 |    26 |     9 ||    61
  Use: Scroll            |       |     5 |     4 ||     9
       Potion            |       |       |     2 ||     2
  Eat: Chunk             |     2 |     5 |     5 ||    12
Armor: Leather armour    |    47 |    93 |     3 ||   143
       Robe              |       |       |    48 ||    48
Dodge: Dodged            |    60 |    64 |    26 ||   150
Block: Shield            |       |       |     8 ||     8
